 Dungeon Crawl Stone Soup version 0.16-a0-734-gc254e8c (webtiles) character file.

19060 Foahim the Hoplite (level 12, 0/84 HPs)
             Began as a Gargoyle Fighter on Sept 22, 2014.
             Was a Follower of Ru.
             Slain by Rupert
             ... wielding a +0 great mace of protection
              (17 damage)
             ... on Level 3 of the Lair of Beasts.
             The game lasted 01:21:41 (16294 turns).

Foahim the Hoplite (Gargoyle Fighter)              Turns: 16294, Time: 01:21:41

HP   0/84        AC 23     Str 26      XL: 12   Next: 65%
MP  15/15        EV  8     Int 11      God: Ru [*.....]
Gold 873         SH 12     Dex  9      Spells:  0 memorised, 11 levels left

rFire  + + .     SeeInvis .     H - +8 mace "Mneniane" {crush, Str+3 Stlth+}
rCold  x . .     Clarity  .     u - +0 fire dragon armour
rNeg   + . .     rCorr    .     c - +0 shield
rPois  +         rRot     +     (no helmet)
rElec  +         Spirit   .     E - +2 cloak
SustAb .         Warding  .     x - +0 pair of gloves (curse)
rMut   .         Stasis   .     (no boots)
Gourm  +                        P - amulet of the gourmand
MR     +....                    (no ring)
                                C - ring of protection from magic

@: about to teleport, heavily drained, somewhat resistant to hostile
enchantments, very unstealthy
A: clever 1, negative energy resistance 1, sense surroundings 1, robust 1,
electricity resistance, slow healing 1, weak 1, unbreathing, petrification
resistance, rot immunity, no conjurations magic, no ice magic, no transmutations
magic, AC +8
a: Sacrifice Words, Sacrifice Drink, Sacrifice Artifice, Renounce Religion


You were on level 3 of the Lair of Beasts.
You worshipped Ru.
Ru was aware of your devotion.
You were not hungry.

You visited 3 branches of the dungeon, and saw 16 of its levels.

You collected 873 gold pieces.

Inventory:

Hand weapons
 e - a +1 morningstar of protection
 H - the +8 mace "Mneniane" (weapon) {crush, Str+3 Stlth+}
   (You found it on level 3 of the Lair of Beasts)

   It inflicts extra damage upon your enemies.
   It affects your strength (+3).
   It makes you more stealthy.
Armour
 c - a +0 shield (worn)
 r - a +0 troll leather armour
 u - a +0 fire dragon armour (worn)
 x - a cursed +0 pair of gloves (worn)
 E - a +2 cloak (worn)
Magical devices
 a - a wand of magic darts (3)
 t - a wand of enslavement (6)
 v - a wand of polymorph (0)
 w - a wand of draining (4)
 y - a wand of paralysis (1)
 A - a wand of slowing (15)
 F - a wand of lightning (8)
 J - a wand of polymorph (8)
Comestibles
 j - 2 royal jellies
 n - 7 slices of pizza
 p - 16 fruits
 s - 4 meat rations
 M - a bread ration
Scrolls
 b - 3 scrolls of enchant weapon {unknown}
 f - 4 scrolls of amnesia {unknown}
 h - 2 scrolls of blinking {unknown}
 k - 6 scrolls of remove curse
 l - 2 scrolls of identify
 m - 3 scrolls of magic mapping {unknown}
 o - 3 scrolls of recharging {unknown}
 z - 4 scrolls of enchant armour
 B - 3 scrolls of teleportation
 D - 2 scrolls of torment {unknown}
 G - a scroll of summoning {unknown}
 I - a scroll of fog {unknown}
 L - 3 scrolls of fear {unknown}
 O - 2 scrolls of brand weapon {unknown}
Jewellery
 C - a ring of protection from magic (left hand)
 P - an amulet of the gourmand (around neck)
Potions
 d - 2 potions of haste
 g - a potion of flight
 q - 2 potions of lignification
 N - 2 potions of might


   Skills:
 + Level 9.7(7.9) Fighting
 + Level 10.6(8.7) Maces & Flails
 + Level 8.5(6.8) Armour
 + Level 7.9(6.2) Dodging
 + Level 2.6(1.2) Stealth
 + Level 11.3(9.5) Shields
 + Level 1.5(0.0) Evocations


You had 11 spell levels left.
You didn't know any spells.

Dungeon Overview and Level Annotations

Branches:
Dungeon (11/15)            Temple (1/1) D:5            Lair (4/8) D:11
    Orc: D:9-12       Swamp: Lair:3-6    Shoals: Lair:3-6     Snake: Lair:3-6
 Spider: Lair:3-6

Altars:
Ashenzari
Cheibriados
Dithmenos
Elyvilon
Fedhas
Gozag
Kikubaaqudgha
Makhleb
Nemelex Xobeh
Okawaru
Qazlal
Ru
Sif Muna
Trog
Vehumet
Xom
Yredelemnul
Zin
The Shining One

Shops:
D:8 [   D:9 *

Annotations:
Lair:1 Grim's ghost, powerful DrWz
Lair:3 Rupert


Innate Abilities, Weirdness & Mutations

You are resistant to torment.
You are immune to poison.
Your stone body is very resilient (AC +8).
You resist negative energy.
You are resistant to electric shocks.
You can survive without breathing.
You are immune to petrification.
You are immune to rotting.
You cannot study or cast Conjurations magic.
You cannot study or cast Ice magic.
You cannot study or cast Transmutations magic.
Your mind is acute. (Int +2)
You passively map a small area around you.
You are robust (+10% HP).
You heal slowly when monsters are visible.
You are weak. (Str -2)


Message History

Rupert hits you with a runed great mace!
You sock Rupert!
Rupert is lightly wounded.
You block Rupert's attack.
Your fire dragon armour prevents you from hitting Rupert.
Rupert is lightly wounded.
Rupert hits you with a runed great mace.
You hit Rupert but do no damage.
Rupert is lightly wounded.
Rupert hits you but does no damage.
Zapping:
t - a wand of enslavement (7)
Press: ? - help, Shift-Dir - straight line, f - Rupert
Aim: Rupert, wielding a runed great mace and wearing a shiny scale mail (lightly wounded, berserk, fast, unusually strong) Rupert resists with almost no effort.
This wand has 6 charges left.
Rupert hits you with a runed great mace!
* * * LOW HITPOINT WARNING * * *
As you read the scroll of teleportation, it crumbles to dust.
You feel strangely unstable.
Rupert hits you with a runed great mace!
You die...

###..### #..## #.#.+..# #.P.#
##.....# ###+... #.....#
######## ###...... #.....#
#......###.#...... #.....#
####......#....+.....
#.....###...........%......#.
#.....'....#.%....#.##.......
#......#...@@.....####.....#.
##'PP#######%%.....#####.....
#..## ###...##.# ##.+## #.P#
##P..#### #.#... ##.## #......#
###... ###P.###
#......######...> ##.##'#.# ###
#......+........#
#.......####P###......#....+...#
#.......P..#...'.......####.....


You could see Rupert (berserk).

Vanquished Creatures
  Erolcha (D:9)
  An unseen horror (D:10)
  The ghost of Afay the Nimble, an experienced KoBe of Trog (D:6)
  A hill giant (D:9)
  Pikel (D:9)
  Joseph (D:7)
  3 spiny frogs
  2 centaur skeletons
  2 fire drakes
  A two-headed ogre (D:11)
  4 trolls
  3 blink frogs (Lair:3)
  Eustachio (D:9)
  A deep elf mage (D:9)
  26 yaks
  A hungry ghost (D:11)
  5 hippogriffs
  6 wolves (Lair:2)
  6 crocodiles
  3 water moccasins (Lair:2)
  An orc warrior (D:10)
  4 porcupines
  7 sky beasts
  A yellow wasp (D:10)
  2 black bears
  4 ice beasts
  The ghost of Afay the Ducker, an average SpAK of Lugonu (D:3)
  6 ogres
  2 centaurs
  4 big kobolds (D:9)
  A gnoll sergeant (D:11)
  A cyclops zombie (D:8)
  8 giant frogs
  5 killer bees
  7 scorpions
  A wyvern skeleton (D:6)
  An eye of draining (D:10)
  A hippogriff zombie (D:8)
  8 wights
  An electric eel (D:10)
  2 crimson imps
  A goliath beetle (D:6)
  An iron imp (D:9)
  An elf zombie (D:9)
  3 hounds
  4 jellies
  Crazy Yiuf (D:4)
  2 orc priests
  A giant frog skeleton (D:11)
  5 iguanas
  4 worker ants
  2 orc wizards
  2 sheep (D:9)
  Ijyb (D:3)
  A big kobold skeleton (D:6)
  4 ogre skeletons
  A sky beast zombie (D:6)
  A mottled dragon skeleton (D:9)
  A hound skeleton (D:5)
  A mummy (D:11)
  8 gnolls
  10 adders
  5 green rats (Lair:2)
  2 giant mites
  An inept feature mimic (D:6)
  2 worms (D:2)
  7 giant geckos
  24 orcs
  3 giant cockroaches
  11 hobgoblins
  14 quokkas
  6 bats
  4 giant newts
  29 goblins
  15 jackals
  19 kobolds
  An orc skeleton (D:5)
  A quokka skeleton (D:3)
  14 rats
  A rat zombie (D:7)
  A spectral orc (D:6)
  4 ballistomycetes
  A fungus (Lair:3)
358 creatures vanquished.

Vanquished Creatures (others)
  A hydra (D:9)
  Urug (D:10)
  A yak (D:11)
  A porcupine (Lair:1)
  2 slaves (D:9)
  An ogre (D:10)
  2 orc wizards (D:9)
  A green rat (Lair:2)
  An orc (D:9)
  A quokka (D:9)
  2 giant spores
14 creatures vanquished.

Grand Total: 372 creatures vanquished

Notes
Turn   | Place    | Note
--------------------------------------------------------------
     0 | D:1      | Foahim, the Gargoyle Fighter, began the quest for the Orb.
     0 | D:1      | Reached XP level 1. HP: 14/14 MP: 1/1
   113 | D:1      | Reached XP level 2. HP: 13/19 MP: 2/2
   524 | D:1      | Reached XP level 3. HP: 23/23 MP: 3/3
   707 | D:2      | Reached skill level 1 in Dodging
   766 | D:2      | Found a snail-covered altar of Cheibriados.
  1171 | D:2      | Reached XP level 4. HP: 22/29 MP: 4/4
  1218 | D:2      | Found a bloodstained altar of Trog.
  1370 | D:3      | Reached skill level 4 in Armour
  1523 | D:3      | Noticed Afay's ghost (average SpAK)
  1609 | D:3      | Killed Afay's ghost
  1609 | D:3      | Reached XP level 5. HP: 12/33 MP: 5/5
  1947 | D:3      | Noticed Ijyb
  1965 | D:3      | Killed Ijyb
  2562 | D:4      | Reached XP level 6. HP: 34/38 MP: 6/6
  2627 | D:4      | Found a glowing golden altar of the Shining One.
  2782 | D:4      | Noticed an ogre
  2795 | D:4      | Killed an ogre
  2803 | D:4      | Found a shattered altar of Ashenzari.
  2898 | D:4      | Found a white marble altar of Elyvilon.
  2989 | D:4      | Reached skill level 5 in Shields
  3012 | D:4      | Noticed Crazy Yiuf
  3019 | D:4      | Killed Crazy Yiuf
  3193 | D:5      | Entered Level 5 of the Dungeon
  3207 | D:4      | Reached XP level 7. HP: 40/44 MP: 7/7
  3217 | D:5      | Found a staircase to the Ecumenical Temple.
  3227 | Temple   | Entered the Ecumenical Temple
  3451 | Temple   | Became a worshipper of Ru the Awakened
  3735 | D:5      | Reached skill level 1 in Evocations
  3762 | D:5      | Reached skill level 1 in Stealth
  3925 | D:5      | Found a glowing drain.
  4513 | D:6      | Reached skill level 5 in Armour
  4513 | D:6      | Reached skill level 6 in Shields
  4513 | D:6      | Reached XP level 8. HP: 48/48 MP: 9/9
  4543 | D:6      | Found a staircase to the Ecumenical Temple.
  5426 | D:6      | Reached skill level 5 in Fighting
  5503 | D:6      | the staircase to the Ecumenical Temple was a mimic.
  5545 | D:6      | Found a basalt altar of Yredelemnul.
  5695 | D:6      | Noticed Afay's ghost (experienced KoBe)
  5707 | D:6      | Killed Afay's ghost
  5707 | D:6      | Reached skill level 5 in Maces & Flails
  5707 | D:6      | Reached skill level 7 in Shields
  5707 | D:6      | Reached XP level 9. HP: 47/54 MP: 11/11
  6203 | D:7      | Found a glowing silver altar of Zin.
  6222 | D:7      | Gained mutation: You cannot study or cast Conjurations magic. [Ru sacrifice]
  6222 | D:7      | Gained mutation: You cannot study or cast Transmutations magic. [Ru sacrifice]
  6222 | D:7      | Gained mutation: You cannot study or cast Ice magic. [Ru sacrifice]
  6222 | D:7      | Acquired Ru's first power
  6346 | D:7      | Noticed Joseph
  6366 | D:7      | Killed Joseph
  6876 | D:8      | Found a blossoming altar of Fedhas.
  6915 | D:8      | Found an iron altar of Okawaru.
  6922 | D:8      | Found Klut's Antique Armour Boutique.
  7463 | D:8      | Found a shimmering altar of Xom.
  7619 | D:8      | Reached skill level 8 in Shields
  8183 | D:8      | Gained mutation: You are weak. (Str -2) [potion of mutation]
  8183 | D:8      | Gained mutation: Your mind is acute. (Int +2) [potion of mutation]
  8183 | D:8      | Gained mutation: You heal slowly when monsters are visible. [potion of mutation]
  8184 | D:8      | Gained mutation: You passively map a small area around you. [potion of mutation]
  8184 | D:8      | Gained mutation: You are robust (+10% HP). [potion of mutation]
  8289 | D:9      | Noticed a hill giant
  8326 | D:9      | Noticed Erolcha
  8345 | D:9      | Reached skill level 5 in Dodging
  8345 | D:9      | Reached XP level 10. HP: 47/67 MP: 12/12
  8360 | D:9      | Killed Erolcha
  8561 | D:9      | Got an ancient cutlass
  8565 | D:9      | Identified the +2 cutlass of the Moth {elec, SInv} (You found it on level 9 of the Dungeon)
  8622 | D:9      | Reached skill level 9 in Shields
  8710 | D:10     | Entered Level 10 of the Dungeon
  9031 | D:9      | Found Cririekh's General Store.
  9121 | D:9      | Got a crude mace
  9123 | D:9      | Identified the cursed -1 mace of Context {crush, rC+} (You found it on level 9 of the Dungeon)
  9148 | D:9      | Noticed Eustachio
  9180 | D:9      | Killed Eustachio
  9274 | D:9      | Noticed Pikel
  9306 | D:9      | Killed Pikel
  9327 | D:9      | Reached XP level 11. HP: 38/74 MP: 13/13
  9515 | D:9      | Noticed a three-headed hydra
  9535 | D:9      | Killed a three-headed hydra
  9594 | D:9      | Found a burning altar of Makhleb.
  9751 | D:9      | Killed a hill giant
  9925 | D:10     | Noticed Urug
  9939 | D:10     | Killed Urug
 11261 | D:10     | Reached skill level 10 in Shields
 11928 | D:10     | Killed an unseen horror
 12240 | D:11     | Found a shadowy altar of Dithmenos.
 12304 | D:11     | Found a staircase to the Lair.
 12608 | D:11     | Reached XP level 12. HP: 26/83 MP: 14/14
 12969 | D:11     | Reached skill level 10 in Maces & Flails
 13177 | Lair:1   | Entered Level 1 of the Lair of Beasts
 13179 | Lair:1   | Noticed Grim's ghost (powerful DrWz)
 14460 | Lair:2   | Reached skill level 11 in Shields
 15285 | Lair:3   | Identified the Handbook of Dark Magic
 15358 | Lair:3   | Got a slimy mace
 15363 | Lair:3   | Identified the +8 mace "Mneniane" {crush, Str+3 Stlth+} (You found it on level 3 of the Lair of Beasts)
 16273 | Lair:4   | Noticed Rupert
 16294 | Lair:3   | Slain by Rupert

Action                   |  1- 3 |  4- 6 |  7- 9 | 10-12 || total
-------------------------+-------+-------+-------+-------++-------
Melee: Flail             |   167 |    78 |       |       ||   245
       Morningstar       |       |   160 |   459 |  1035 ||  1654
       Unarmed           |       |       |       |     6 ||     6
       Mace              |       |       |       |   108 ||   108
Invok: Sacrifice Arcana  |       |       |     1 |       ||     1
Evoke: Wand              |       |     6 |     3 |     5 ||    14
  Use: Potion            |       |     1 |    12 |     4 ||    17
       Scroll            |       |     5 |     2 |    13 ||    20
 Stab: Paralysed         |       |     2 |       |       ||     2
       Distracted        |       |       |       |     1 ||     1
       Confused          |       |       |       |     1 ||     1
  Eat: Bread ration      |     1 |       |     2 |     2 ||     5
       Meat ration       |       |     1 |     1 |     4 ||     6
       Fruit             |       |     1 |       |       ||     1
       Pizza             |       |       |     1 |       ||     1
       Beef jerky        |       |       |       |     1 ||     1
